 Dungeon Crawl Stone Soup version 0.30-a0-122-g2a1322497e (webtiles) character file.

Game seed: 4165331895486719181

0 ragingrage the Trooper (level 1, -1/18 HPs)
             Began as a Demonspawn Chaos Knight on Sept 15, 2022.
             Was a Plaything of Xom.
             Slain by a jackal (3 damage)
             ... on level 1 of the Dungeon.
             The game lasted 00:00:12 (29 turns).

ragingrage the Trooper (Demonspawn Chaos Knight)      Turns: 29, Time: 00:00:13

Health: -1/18      AC:  5    Str: 12    XL:     1   Next: 0%
Magic:  1/1        EV: 11    Int: 13    God:    Xom [..*...]
Gold:   0          SH:  0    Dex: 12    Spells: 0/0 levels left

rFire   . . .      SeeInvis .    a - +0 spear (chaos)
rCold   . . .      Faith    .    (no shield)
rNeg    . . .      Spirit   .    b - +2 leather armour
rPois   .          Reflect  .    (no helmet)
rElec   .          Harm     .    (no cloak)
rCorr   .          Rampage  .    (no gloves)
Will    .....                    (no boots)
Stlth   +.........               (no amulet)
HPRegen 0.06/turn                (no ring)
MPRegen 0.07/turn                (no ring)

@: no status effects
A: no striking features
a: Renounce Religion


You were on level 1 of the Dungeon.
You worshipped Xom.
You were a toy of Xom.
You visited 1 branch of the dungeon, and saw 1 of its levels.

Inventory:

Hand Weapons
 a - a +0 spear of chaos (weapon)
Armour
 b - a +2 leather armour (worn)
Miscellaneous
 c - a piece from Xom's chessboard (15/15) (quivered)


   Skills:
 - Level 3.0 Fighting
 + Level 2.6 Polearms
 - Level 1.7 Armour
 - Level 0.8 Dodging


You couldn't memorise any spells.
You didn't know any spells.
Your spell library was empty.

Dungeon Overview and Level Annotations

Branches:
Dungeon (1/15)

Altars:


Message History

A nearby plant withers and dies.
The jackal bites the plant. x2
Found 3 stones.
A nearby plant withers and dies. x2
The jackal bites the plant.
The plant begins to die.
The jackal bites the plant.
You reach to attack!
You closely miss the jackal.
A nearby plant withers and dies.
The jackal bites the plant.
The plant begins to die.
You hit the jackal but do no damage.
The jackal suddenly seems more agile.
Xom's attention almost turns to you for a moment.
A monocle briefly appears over your left eye.
The jackal bites the plant.
The jackal barely misses you. The goblin hits you but does no damage.
The jackal attacks as you move away! The jackal bites you.
Something bites the plant.
The jackal bites the plant.
The plant begins to die.
Something hits you.
Deactivating autopickup; reactivate with Ctrl-A.
The goblin hits you with a +0 dagger.
The jackal completely misses the plant.
The jackal closely misses you.
You barely miss something.
A nearby plant withers and dies.
Something hits you but does no damage. The goblin closely misses you.
The jackal bites the plant.
The plant begins to die.
The jackal bites you but does no damage.
You barely miss something.
The jackal bites the plant.
The jackal bites you but does no damage.
The goblin barely misses you. Something hits you but does no damage.
Something bites the plant.
The plant begins to die.
The jackal barely misses you.
You miss something. Something hits you but does no damage.
The goblin hits you with a +0 dagger.
Something bites the plant.
The jackal bites you but does no damage.
You closely miss something.
A nearby plant withers and dies.
The jackal bites the plant.
The plant begins to die.
The jackal closely misses you.
Something bites the plant.
The goblin closely misses you. Something hits you.
You barely miss something.
Something bites the plant.
The jackal bites you.
* * * LOW HITPOINT WARNING * * *
The goblin closely misses you. Something hits you.
* * * LOW HITPOINT WARNING * * *
Something bites the plant.
The jackal bites you.
You die...

##. #.. #(# ..#
#.. #.# #.# #.#
#.# #.###.###
#.###@.......
######.##hg###>.#.


#PPPPPPP...PPhP.# #PPPPPPP.gPP.P... #PPPPP...h.P..... #PPP..PPPPP..P...
#PP.PPP...PPP.P.. #PP.PP.PPP.PP.PP. #P.PP.PP.PP.PP.P. You could see 2 jackals, a
hobgoblin and a goblin.

Vanquished Creatures (others)
  18 plants (D:1)
18 creatures vanquished.

Notes
Turn   | Place    | Note
-------+----------+-------------------------------------------
     0 | D:1      | ragingrage the Demonspawn Chaos Knight began the quest for
                  | the Orb.
     0 | D:1      | Reached XP level 1. HP: 18/18 MP: 1/1
    23 | D:1      | XOM: silly message
    29 | D:1      | Slain by a jackal

Illustrated notes

Levels and vault maps discovered:
D:1:      roderic_crop_circles_arrival_small, layout_rooms, serial_shops,
          nicolae_shop_trees, grunt_decor_mini_mirrors

Action                   || total
-------------------------++-------
Melee: Spear             ||    13
Armor: Leather armour    ||     7
Dodge: Dodged            ||     8

Table legend: (Time is in decaauts)
 A = Elapsed time spent in this place.
 B = Non-inter-level travel time spent in this place.
 C = Inter-level travel time spent in this place.
 D = Time resting spent in this place.
 E = Time spent auto-exploring this place.
 F = Levels seen in this place.
 G = Mean time per level.
                   A        B        C        D        E       F      G
               +--------+--------+--------+--------+--------+-----+--------+
         Total |     28 |     28 |      0 |      0 |      4 |   1 |   28.0 |
       Dungeon |     28 |     28 |      0 |      0 |      4 |   1 |   28.0 |
               +--------+--------+--------+--------+--------+-----+--------+

Top non-repeatable levels by time:
     D:1: 28 daAuts
